 Dungeon Crawl Stone Soup version 0.20-a0-4-gd166d5d (console) character file.

144615 utis the Slicer (level 17, 93/93 HPs)
             Began as a Vine Stalker Warper on Oct 18, 2016.
             Was the Champion of Makhleb.
             Quit the game on level 1 of the Swamp on Oct 31, 2016.
             The game lasted 03:08:16 (40460 turns).

utis the Slicer (Vine Stalker Warper)              Turns: 40460, Time: 03:08:17

Health: 93/93      AC: 35    Str: 22    XL:     17   Next: 40%
Magic:  25/25      EV: 18    Int: 11    God:    Makhleb [******]
Gold:   2746       SH:  6    Dex: 20    Spells: 10 memorised, 2 levels left

rFire  . . .     SeeInvis .     a - +4 rapier (vamp)
rCold  . . .     Gourm    .     Q - +7 scale mail "Dolidiw" {rC- MR++}
rNeg   . . .     Faith    .     j - +0 buckler
rPois  .         Spirit   +     w - +2 helmet
rElec  +         Reflect  .     h - +2 cloak
rCorr  .         Harm     .     E - +1 pair of gloves of Insatiable Hunger {+Inv rElec Str+3 Int-2}
MR     ++++.                    n - +2 pair of boots
Stlth  +++.......               (no amulet)
                                C - ring of protection from cold
                                O - +5 ring of protection {=R}

@: no status effects
A: fangs 3, hooves 1, thin metallic scales 1, agile 1, regeneration 2, strong 1,
magic shield, antimagic bite, no device heal 3, rot immunity
a: Minor Destruction, Lesser Servant of Makhleb, Major Destruction, Greater
Servant of Makhleb, Renounce Religion, Evoke Invisibility


You were on level 1 of the Swamp.
You worshipped Makhleb.
Makhleb was exalted by your worship.
You were not hungry.

You visited 6 branches of the dungeon, and saw 29 of its levels.

You collected 3365 gold pieces.
You spent 619 gold pieces at shops.

Inventory:

Hand Weapons
 a - a +4 vampiric rapier (weapon)
 A - a +3 short sword of venom
Missiles
 e - 5 tomahawks of dispersal {=f}
 l - 5 javelins
 m - 6 needles of confusion
 r - 4 curare-tipped needles {=f}
 z - 80 poisoned needles
 U - 6 tomahawks (quivered)
Armour
 h - a +2 cloak (worn)
 j - a +0 buckler (worn)
 n - a +2 pair of boots (worn)
 w - a +2 helmet (worn)
 E - the +1 pair of gloves of Insatiable Hunger (worn) {+Inv rElec Str+3 Int-2}
   (You bought it in a shop on level 2 of the Orcish Mines)

   It affects your strength (+3).
   It affects your intelligence (-2).
   It insulates you from electricity.
   It lets you turn invisible.
 Q - the +7 scale mail "Dolidiw" (worn) {rC- MR++}
   (You found it on level 11 of the Dungeon)

   It makes you vulnerable to cold.
   It affects your resistance to hostile enchantments.
Jewellery
 f - an uncursed ring of protection from fire
 v - an uncursed ring of see invisible
 C - a ring of protection from cold (right hand)
 F - an uncursed ring of fire
 L - an uncursed ring of flight
 N - an uncursed ring of positive energy
 O - a +5 ring of protection (left hand) {=R}
 Z - an uncursed ring of wizardry {=f}
Wands
 o - a wand of acid (10/15)
 u - a wand of confusion (21/48)
 y - a wand of disintegration (13/24)
 B - a wand of iceblast (10/15)
 D - a wand of paralysis (15/24)
 S - a wand of enslavement (14/24)
 V - a wand of iceblast (9/15)
 W - a wand of hasting (4/9) {@v3}
Scrolls
 d - 4 scrolls of blinking
 q - 10 scrolls of remove curse {@r2}
 x - 5 scrolls of magic mapping
 H - a scroll of holy word
 I - 8 scrolls of teleportation {@r4}
 K - a scroll of fog
 X - 3 scrolls of recharging
Potions
 b - a potion of brilliance
 g - 2 potions of magic
 i - 6 potions of curing {@q1}
 s - 4 potions of flight
 t - 2 potions of resistance
 G - a potion of berserk rage {unknown}
Books
 k - a book of Minor Magic

   Spells                             Type                      Level
   a - Magic Dart                     Conjuration                  1
   b - Blink                          Translocation                2
   c - Call Imp                       Summoning                    2
   d - Repel Missiles                 Charms/Air                   2
   e - Slow                           Hexes                        2
   f - Conjure Flame                  Conjuration/Fire             3
   g - Mephitic Cloud                 Conjuration/Poison/Air       3
 R - a book of Beasts

   Spells                             Type                      Level
   a - Summon Butterflies             Summoning                    1
   b - Call Canine Familiar           Summoning                    3
   c - Summon Ice Beast               Ice/Summoning                4
   d - Summon Mana Viper              Hexes/Summoning              5
   e - Summon Hydra                   Summoning                    7
Miscellaneous
 Y - a sack of spiders
Comestibles
 p - 8 beef jerkies {@e2}
 J - 10 meat rations {@e1}
 M - 8 slices of pizza {@e2}
 P - 24 fruits {@e2}
 T - 15 bread rations {@e1}


   Skills:
 + Level 11.8 Fighting
 + Level 13.5 Short Blades
 - Level 0.8 Throwing
 + Level 9.9 Armour
 + Level 11.1 Dodging
 - Level 9.0 Stealth
 - Level 4.0 Shields
 - Level 5.3 Spellcasting
 - Level 10.1 Translocations
 - Level 7.0 Invocations
 - Level 8.0 Evocations


You had 2 spell levels left.
You knew the following spells:

 Your Spells              Type           Power        Failure   Level  Hunger
a - Apportation           Tloc           ####......   1%          1    None
d - Passage of Golubria   Tloc           N/A          10%         4    ####...
g - Shroud of Golubria    Chrm/Tloc      ##........   12%         2    ##.....
o - Teleport Other        Tloc           ####....     2%          3    ###....
r - Repel Missiles        Chrm/Air       #.....       78%         2    ##.....
t - Portal Projectile     Tloc           ####..       2%          3    ###....
v - Blink                 Tloc           N/A          1%          2    ##.....
x - Gell's Gravitas       Hex/Tloc       ##........   21%         3    ###....
B - Summon Butterflies    Summ           #.......     54%         1    None
Y - Lesser Beckoning      Tloc           ####......   2%          3    ###....


Dungeon Overview and Level Annotations

Branches:
Dungeon (15/15)            Temple (1/1) D:4            Lair (6/6) D:10
  Swamp (1/4) Lair:2        Snake (4/4) Lair:3        Slime (0/5) Lair:6
    Orc (2/2) D:9             Elf (0/3) Orc:2        Vaults (0/5) D:14
 Depths (0/5) D:15

Altars:
Ashenzari
Cheibriados
Dithmenos
Elyvilon
Fedhas
Gozag
Hepliaklqana
Kikubaaqudgha
Makhleb
Nemelex Xobeh
Okawaru
Qazlal
Ru
Sif Muna
Trog
Uskayaw
Vehumet
Xom
Yredelemnul
Zin
The Shining One
Beogh
Jiyva

Shops:
D:4 (   D:5 =   Orc:1 [   Orc:2 [(%(}

Annotations:
D:12 exclusions: obsidian statue and orange crystal statue
Snake:4 mara!, Bai Suzhen


Innate Abilities, Weirdness & Mutations

You have razor-sharp teeth.
You heal very quickly.
When hurt, damage is shared between your health and your magic reserves.
Your bite disrupts and absorbs the magic of your enemies.
Potions and wands cannot restore your health.
You are immune to rotting.
You have large cloven feet.
You are partially covered in thin metallic scales. (AC +2)
You are agile. (Dex +2)
Your muscles are strong. (Str +2)


Message History

Your bite misses the tyrant leech.
The tyrant leech is severely wounded.
The tyrant leech bites you but does no damage.
You hit the tyrant leech.
You feel better.
You bite the tyrant leech. You drain its power.
You feel invigorated.
The tyrant leech is almost dead.
You miss the tyrant leech.
The tyrant leech is almost dead.
You puncture the tyrant leech!
You feel better.
You kill the tyrant leech!
Makhleb accepts your kill.
You feel better.
You see here a human skeleton.
You enter the shallow water.
Moving in this stuff is going to be slow.
You enter the shallow water.
Moving in this stuff is going to be slow.
There is a staircase back to the Lair here.
Enter note: you know what Are you sure you want to abandon this character and quit the game? (Confirm with "yes".)

♣♣♣♣♣≈.≈≈≈≈..
..♣......≈≈≈≈.♣♣
≈....≈≈≈≈≈≈....≈♣♣
♣..≈≈≈≈≈≈≈≈≈.....♣
..≈≈≈≈≈≈≈≈≈≈≈≈≈..♣
≈≈≈≈≈≈≈≈≈≈≈.≈≈≈).♣
.≈≈≈≈≈≈≈≈≈≈..≈≈.♣
......≈.≈.f...≈♣
≈♣♣♣♣≈≈.....≈.♣♣
..♣♣♣♣.....♣♣♣♣
♣≈.≈≈♣♣≈..≈≈...♣♣
...≈♣♣♣≈≈≈≈≈...♣♣
...♣♣♣.≈≈≈≈≈≈≈.♣
░░░░...♣♣♣≈.≈≈≈≈≈.♣
░.†➘░...♣♣♣.≈≈≈≈≈.♣
░÷..░...♣♣♣......♣♣
░.➘÷.░.░░░..≈..≈♣♣


There were no monsters in sight!

Vanquished Creatures
  Rupert (Snake:2)
  Kirke (D:14)
  The ghost of TenguReborn the Tortoise, an adept TeGl of Trog (Snake:4)
  A nagaraja (Snake:3)
  Aizul (Snake:3)
  A stone giant (Orc:2)
  A dire elephant (D:15)
  12 naga warriors
  An ice dragon (Lair:6)
  A vault guard (D:14)
  2 centaur warriors
  A catoblepas (Lair:6)
  5 hydras
  10 anacondas
  An ogre mage (D:10)
  3 orc high priests (Orc:2)
  11 naga sharpshooters
  Urug (D:13)
  The ghost of UnlimitedFusion the Fighter, a novice GrGl of Okawaru (D:10)
  8 shock serpents
  Nergalle (Lair:2)
  3 skeletal warriors (D:15)
  A salamander mystic (Snake:3)
  4 unseen horrors
  A sea snake (Lair:3)
  A swamp dragon (Swamp:1)
  A deep elf archer (D:15)
  7 naga ritualists
  A lindwurm (Lair:6)
  3 hill giants
  4 orc knights (Orc:2)
  3 cyclopes
  A deep elf mage (D:13)
  14 mana vipers
  6 orc sorcerers (Orc:2)
  15 salamanders
  2 manticores (D:15)
  2 wolf spiders (Lair:6)
  6 ugly things (D:15)
  4 elephants (Lair:5)
  7 guardian serpents
  37 black mambas
  The ghost of Amnesiac the Cleaver, a novice DDBe of Trog (D:6)
  11 naga magi
  Joseph (D:7)
  2 gargoyles (D:15)
  6 torpor snails (Lair:6)
  2 efreet (D:15)
  5 spiny frogs
  2 rime drakes
  5 komodo dragons
  3 kobold demonologists (D:15)
  A freezing wraith (D:10)
  The ghost of Amnesiac the Chopper, an amateur DDBe of Trog (D:8)
  5 tyrant leeches
  6 trolls
  15 hornets
  5 blink frogs (Lair:4)
  A two-headed ogre (D:14)
  14 dream sheep
  8 hippogriffs
  5 slime creatures (D:15)
  35 yaks
  A redback (Lair:6)
  3 wraiths
  10 wyverns
  A vampire (D:15)
  A spriggan (Lair:6)
  A hog (D:14)
  2 steam dragons
  3 hungry ghosts
  3 vampire mosquitoes (D:15)
  2 basilisks
  3 wargs
  41 nagas
  15 water moccasins
  8 porcupines
  3 ice beasts
  23 orc warriors
  4 phantoms
  3 black bears
  An eye of draining (D:10)
  7 sky beasts
  11 ogres
  8 centaurs
  14 crocodiles
  6 big kobolds
  18 bullfrogs
  A wyvern zombie (D:10)
  10 killer bees
  9 wights
  6 electric eels (D:10)
  4 howler monkeys
  9 crimson imps
  7 hounds
  A bullfrog zombie (D:12)
  3 centaur zombies
  A bullfrog skeleton (D:4)
  17 orc priests
  5 centaur skeletons
  5 jellies
  Terence (D:2)
  25 worker ants
  3 iguanas
  34 orc wizards
  A hound zombie (D:5)
  A hound skeleton (D:6)
  2 worker ant zombies
  Robin (D:3)
  18 adders
  A river rat (Lair:6)
  4 shadow imps
  An ooze (D:2)
  6 adder skeletons
  4 dart slugs
  A leopard gecko (D:1)
  79 orcs
  2 ball pythons (D:3)
  8 bats
  6 giant cockroaches
  13 goblins
  7 hobgoblins
  7 jackals
  10 kobolds
  7 quokkas
  3 frilled lizards
  2 leopard gecko skeletons (D:4)
  10 rats
849 creatures vanquished.

Vanquished Creatures (collateral kills)
  A wolf spider (Lair:6)
  A wyvern (Lair:4)
  A naga (Snake:4)
3 creatures vanquished.

Vanquished Creatures (others)
  A naga (Snake:3)
  An orc wizard (D:4)
  11 fungi
  38 plants
51 creatures vanquished.

Grand Total: 903 creatures vanquished

Notes
Turn   | Place    | Note
-------+----------+-------------------------------------------
     0 | D:1      | utis the Vine Stalker Warper began the quest for the Orb.
     0 | D:1      | Reached XP level 1. HP: 11/11 MP: 4/4
   127 | D:1      | Reached skill level 2 in Short Blades
   410 | D:1      | Reached XP level 2. HP: 11/15 MP: 6/6
   464 | D:1      | Learned a level 2 spell: Shroud of Golubria
   467 | D:1      | Learned a level 2 spell: Blink
   943 | D:1      | Reached skill level 3 in Short Blades
  1040 | D:1      | Reached XP level 3. HP: 18/18 MP: 7/7
  1904 | D:2      | Gained mutation: Your natural rate of healing is unusually fast. [Vine Stalker growth]
  1904 | D:2      | Reached XP level 4. HP: 22/23 MP: 8/8
  1909 | D:2      | Learned a level 3 spell: Teleport Other
  1946 | D:2      | Noticed Terence
  2005 | D:2      | Killed Terence
  2627 | D:3      | Noticed Robin
  2793 | D:3      | Reached XP level 5. HP: 26/26 MP: 9/9
  2810 | D:3      | Killed Robin
  3281 | D:3      | Learned a level 3 spell: Lesser Beckoning
  3599 | D:3      | Reached XP level 6. HP: 28/30 MP: 9/11
  3935 | D:3      | Reached skill level 5 in Translocations
  4259 | D:4      | Found a staircase to the Ecumenical Temple.
  4308 | Temple   | Entered the Ecumenical Temple
  4561 | Temple   | Became a worshipper of Makhleb the Destroyer
  4680 | D:4      | Found Namixaoc's Antique Weapon Shop.
  5226 | D:4      | Reached skill level 4 in Short Blades
  5226 | D:4      | Reached XP level 7. HP: 25/35 MP: 0/12
  5652 | D:4      | whoa
  5756 | D:5      | Entered Level 5 of the Dungeon
  6374 | D:5      | Found a snail-covered altar of Cheibriados.
  6442 | D:5      | Gained mutation: You have razor-sharp teeth. [Vine Stalker growth]
  6442 | D:5      | Reached XP level 8. HP: 42/42 MP: 13/13
  6908 | D:4      | Reached skill level 5 in Short Blades
  7300 | D:5      | Found Fiqil's Jewellery Emporium.
  7435 | D:6      | Noticed Amnesiac's ghost (novice DDBe)
  7442 | D:6      | shrug
  7482 | D:6      | Killed Amnesiac's ghost
  7515 | D:6      | Reached skill level 5 in Fighting
  7586 | D:6      | Reached * piety under Makhleb
  7661 | D:6      | Reached skill level 6 in Short Blades
  7756 | D:6      | Reached XP level 9. HP: 47/47 MP: 14/14
  8209 | D:6      | Gained mutation: Your muscles are strong. (Str +2) [potion of beneficial mutation]
  8460 | D:7      | Reached skill level 5 in Dodging
  8654 | D:6      | Reached skill level 1 in Evocations
  8711 | D:7      | Learned a level 4 spell: Passage of Golubria
  8802 | D:7      | Noticed Joseph
  8841 | D:7      | Killed Joseph
  9178 | D:6      | Reached ** piety under Makhleb
  9187 | D:6      | Reached skill level 5 in Evocations
  9223 | D:7      | Reached skill level 1 in Invocations
  9710 | D:8      | Noticed Amnesiac's ghost (amateur DDBe)
  9744 | D:8      | Killed Amnesiac's ghost
  9744 | D:8      | Reached XP level 10. HP: 53/53 MP: 12/15
  9983 | D:8      | Reached skill level 1 in Armour
 10937 | D:8      | Reached *** piety under Makhleb
 10948 | D:8      | Reached skill level 7 in Short Blades
 11029 | D:8      | Found a roughly hewn altar of Beogh.
 11200 | D:9      | Found a staircase to the Orcish Mines.
 11281 | D:9      | Noticed a cyclops
 11387 | D:9      | Killed a cyclops
 11398 | D:9      | Found a roughly hewn altar of Beogh.
 11703 | D:9      | Reached skill level 8 in Short Blades
 11908 | D:9      | Reached XP level 11. HP: 58/58 MP: 16/16
 12043 | D:9      | Noticed a cyclops
 12061 | D:9      | Killed a cyclops
 12085 | D:9      | Reached **** piety under Makhleb
 12236 | D:9      | Noticed a three-headed hydra
 12255 | D:9      | Killed a three-headed hydra
 12409 | D:9      | 32
 12451 | D:10     | Entered Level 10 of the Dungeon
 13174 | D:10     | Reached skill level 9 in Short Blades
 13349 | D:10     | Noticed UnlimitedFusion's ghost (novice GrGl)
 13422 | D:10     | Found a staircase to the Lair.
 13871 | D:10     | Noticed a centaur warrior
 14335 | D:10     | Noticed an ogre mage
 14357 | D:10     | Killed an ogre mage
 14357 | D:10     | Reached skill level 5 in Invocations
 14609 | D:10     | Killed an unseen horror
 14981 | D:10     | Killed UnlimitedFusion's ghost
 15138 | D:10     | Killed a centaur warrior
 15138 | D:10     | Gained mutation: You heal very quickly. [Vine Stalker growth]
 15138 | D:10     | Reached XP level 12. HP: 42/63 MP: 16/18
 15205 | Lair:1   | Entered Level 1 of the Lair of Beasts
 15243 | Lair:1   | Learned a level 3 spell: Portal Projectile
 16263 | Lair:2   | Noticed Nergalle
 16301 | Lair:2   | Killed Nergalle
 16586 | Lair:2   | Reached skill level 5 in Armour
 16720 | Lair:2   | Found a staircase to the Swamp.
 17190 | Lair:3   | Reached skill level 10 in Short Blades
 17251 | Lair:3   | 36
 17465 | Lair:3   | Found a staircase to the Snake Pit.
 17598 | Lair:3   | Reached ***** piety under Makhleb
 18538 | Lair:4   | Noticed a six-headed hydra
 18551 | Lair:4   | Killed a six-headed hydra
 19115 | Lair:5   | Reached XP level 13. HP: 65/69 MP: 19/19
 19383 | Lair:5   | Reached skill level 11 in Short Blades
 20201 | Lair:6   | Entered Level 6 of the Lair of Beasts
 20978 | Lair:6   | Found a viscous altar of Jiyva.
 20979 | Lair:6   | Found a staircase to the Slime Pits.
 21248 | Lair:6   | Reached skill level 1 in Shields
 21464 | Lair:6   | sigh
 21643 | Lair:6   | 38
 21957 | Lair:6   | Reached XP level 14. HP: 75/75 MP: 20/20
 22128 | Lair:6   | Reached ****** piety under Makhleb
 22292 | Lair:6   | Learned a level 1 spell: Apportation
 22754 | Lair:6   | Reached skill level 5 in Spellcasting
 22875 | Lair:6   | Found a runed door.
 23306 | Lair:6   | Reached skill level 10 in Translocations
 23547 | Orc:1    | Entered Level 1 of the Orcish Mines
 23747 | Orc:1    | Found a burning altar of Makhleb.
 24082 | Orc:1    | Found Tyipna's Armour Emporium.
 24187 | Orc:2    | Entered Level 2 of the Orcish Mines
 24246 | Orc:2    | Found Ziuji's Gadget Emporium.
 25278 | Orc:2    | Found Gacy's Antique Weapon Emporium.
 25278 | Orc:2    | Found Xammist's Antique Armour Boutique.
 25281 | Orc:2    | Found Qomisug's Food Emporium.
 25281 | Orc:2    | Found Lar Ass's Antique Weapon Boutique.
 25547 | Orc:2    | Found a staircase to the Elven Halls.
 25582 | Orc:2    | Noticed a stone giant
 25708 | Orc:2    | Killed a stone giant
 25806 | Orc:2    | Found a roughly hewn altar of Beogh.
 26060 | Orc:2    | Bought a runed chain mail for 325 gold pieces
 26060 | Orc:2    | Bought a pair of bloodstained gloves for 294 gold pieces
 26111 | Orc:2    | Identified the +1 pair of gloves of Insatiable Hunger {+Inv rElec Str+3 Int-2} (You bought it in a shop on level 2 of the Orcish Mines)
 26198 | D:11     | Reached skill level 1 in Stealth
 26221 | D:11     | Got a translucent ring mail
 26418 | D:11     | Got a crude scale mail
 26560 | D:11     | Identified the cursed +0 ring mail of Nemelex Xobeh's Regard {MR+ Str-2 SInv} (You found it on level 11 of the Dungeon)
 26571 | D:11     | Identified the +7 scale mail "Dolidiw" {rC- MR++} (You found it on level 11 of the Dungeon)
 26571 | D:11     | 47
 26581 | D:11     | 41
 27285 | D:11     | You fall through a shaft!
 27340 | D:12     | Got a scorched helmet
 27349 | D:12     | Learned a level 2 spell: Repel Missiles
 27394 | D:12     | Identified the +0 helmet of Evolution {SInv} (You found it on level 12 of the Dungeon)
 27704 | D:12     | Identified the Volume of the Snowflakes and the Arsonist
 27798 | D:12     | Found a shimmering altar of Xom.
 27847 | D:12     | heh
 27853 | D:12     | Got a pair of heavily runed gloves
 27915 | D:12     | Identified the cursed -5 pair of gloves of Wariness {MR+} (You found it on level 12 of the Dungeon)
 28319 | D:13     | Noticed Urug
 28785 | D:13     | Killed Urug
 28872 | D:13     | Reached XP level 15. HP: 79/79 MP: 23/23
 28911 | D:13     | Reached skill level 5 in Stealth
 29751 | D:14     | Found a gate to the Vaults.
 29970 | D:14     | Gained mutation: You have large cloven feet. [potion of beneficial mutation]
 29971 | D:14     | meh
 30583 | D:14     | Learned a level 3 spell: Gell's Gravitas
 30676 | D:14     | Noticed Kirke
 30717 | D:14     | Killed Kirke
 30786 | D:15     | Entered Level 15 of the Dungeon
 31138 | D:15     | Found a staircase to the Depths.
 31255 | D:15     | Found Jimoulox's Gadget Shoppe.
 32722 | D:15     | Reached skill level 12 in Short Blades
 32960 | Snake:1  | Entered Level 1 of the Snake Pit
 33308 | Snake:1  | Noticed Rupert
 33482 | Snake:1  | Reached skill level 10 in Fighting
 34547 | Snake:2  | Reached XP level 16. HP: 82/85 MP: 24/24
 34777 | Snake:2  | Killed Rupert
 34853 | Snake:2  | Found a sacrificial altar of Ru.
 35415 | Snake:2  | Reached skill level 10 in Dodging
 36388 | Snake:2  | Learned a level 1 spell: Summon Butterflies
 36598 | Snake:3  | Noticed Aizul
 36602 | Snake:3  | crap
 36739 | Snake:2  | Identified a scroll of acquirement
 36742 | Snake:2  | ....
 36742 | Snake:2  | screw this
 36744 | Snake:2  | hmmm
 36792 | Snake:2  | Gained mutation: You are partially covered in thin metallic scales. (AC +2) [mutagenic glow]
 36824 | Snake:2  | Gained mutation: You are agile. (Dex +2) [mutagenic glow]
 36825 | Snake:2  | lucky
 37406 | Snake:3  | wtf
 37421 | Snake:3  | Killed Aizul
 37446 | Snake:3  | Reached skill level 13 in Short Blades
 37677 | Snake:3  | ah
 38377 | Snake:3  | Reached XP level 17. HP: 80/91 MP: 25/25
 38726 | Snake:4  | Entered Level 4 of the Snake Pit
 39489 | Snake:4  | Noticed Bai Suzhen
 39508 | Snake:4  | Noticed Mara
 39514 | Snake:4  | sigh
 39640 | Snake:4  | Noticed TenguReborn's ghost (adept TeGl)
 39870 | Snake:4  | Killed TenguReborn's ghost
 40079 | Snake:4  | Noticed utis's illusion
 40202 | Snake:3  | Upgraded the game from 0.19-a0-1895-g783e625 to 0.19-a0-1899-g2d93087
 40202 | Snake:3  | Upgraded the game from 0.19-a0-1899-g2d93087 to 0.20-a0-4-gd166d5d
 40360 | Swamp:1  | Entered Level 1 of the Swamp
 40460 | Swamp:1  | you know what
 40460 | Swamp:1  | Quit the game

Vault maps used:
D:1:      dpeg_arrival_circle_labyrinth_c
D:2:      uniq_terence
D:3:      first_bread, uniq_robin
D:4:      serial_shops, shop_fountains, kennysheep_generic_room_3
D:5:      serial_shops, nicolae_shop_trees, cheibriados_altar_1
D:7:      lemuel_ice_spiral_2, uniq_joseph
D:8:      minmay_goldmine, special_room
D:9:      minmay_orc_entry_temple_small, hangedman_ranch
D:10:     kennysheep_big_flooded_room, lair_0_dummy, serial_bayou,
          serial_bayou_shore_b, serial_bayou_shore_a, serial_bayou_lake_a,
          serial_bayou_lagoon_a, serial_bayou_crossing, serial_bayou_pond_b
D:11:     dk_noncrumbling_4
D:12:     basic_altar, eino_tiny_chamber, minmay_more_statues
D:13:     uniq_urug
D:14:     david_vaults_5, corexii_hall_statues_i, uniq_kirke
D:15:     hangedman_depths_entry_try_elsewhere_first, serial_shops, shop,
          serial_glass, glass_columns_c, glass_columns_a, glass_columns_a,
          minmay_checkerbox
Temple:   nicolae_temple_the_god_donut
Lair:2:   swamp_mist, hangedman_lair_unloving_vines,
          nicolae_quartered_pool_super, st_stairs_10, small_statue_intersection,
          wad_woods_road_05, uniq_nergalle
Lair:3:   guppyfry_snake_entry_island, guppyfry_lair_drakes, lemuel_fruit_tree,
          infiniplex_staircase_pool
Lair:5:   serial_bayou_shore_b, lemuel_fruit_fields, grunt_megastairs_3,
          bh_autumn_forest_stairs
Lair:6:   hangedman_lair_tendril_chambers, wormcave, slime_altar_1,
          grunt_forest_large_clearing_hut
Swamp:1:  evilmike_swamp_ruin_house_5, uniq_nikola
Snake:1:  serial_bayou, serial_bayou_pond_a, serial_bayou_pond_a,
          serial_bayou_pond_d, serial_bayou_pond_d, grunt_ministairs_7,
          uniq_rupert
Snake:2:  basic_altar
Snake:3:  stair_cage_wide, uniq_aizul
Snake:4:  grunt_snake_rune_serpentine_throne, uniq_bai_suzhen, uniq_vashnia,
          uniq_mara
Orc:1:    serial_shops, shop, lemuel_statue_altar
Orc:2:    grunt_orc_tribal_feast, basic_altar, serial_shops, shop,
          nicolae_orc_flooded_monolith

Skill      XL: |  1  2  3  4  5  6  7  8  9 10 11 12 13 14 15 16 17 |
---------------+----------------------------------------------------+-----
Short Blades   | 2 3 4 6 8 9 10 11 12 13 | 13.5
Fighting       | 2 3 5 6 7 8 9 10 11 | 11.8
Spellcasting   | 3 5 |  5.3
Translocations | 4 5 8 10 | 10.1
Dodging        | 2 3 4 5 6 7 8 9 10 11 | 11.1
Evocations     | 5 6 8 |  8.0
Invocations    | 4 7 |  7.0
Armour         | 3 4 5 6 7 8 9 |  9.9
Shields        | 4 |  4.0
Stealth        | 4 9 |  9.0
Throwing       | |  0.8

Action                   |  1- 3 |  4- 6 |  7- 9 | 10-12 | 13-15 | 16-18 || total
-------------------------+-------+-------+-------+-------+-------+-------++-------
Melee: Short sword       |   106 |   308 |   242 |  1058 |   831 |       ||  2545
       Bite              |    22 |    83 |   181 |   429 |   990 |   578 ||  2283
       Rapier            |       |       |   334 |    23 |  1464 |  1222 ||  3043
       Dagger            |       |       |       |    61 |       |       ||    61
 Fire: Shortbow          |       |       |       |     5 |       |       ||     5
Throw: Stone             |    17 |    17 |    26 |    29 |       |       ||    89
       Tomahawk          |       |       |       |    26 |   133 |   104 ||   263
       Javelin           |       |       |       |       |       |     2 ||     2
 Cast: Shroud of Golubri |     5 |    23 |    49 |   115 |   155 |    27 ||   374
       Blink             |       |     3 |     2 |     1 |     6 |     8 ||    20
       Teleport Other    |       |     1 |       |       |     5 |       ||     6
       Passage of Golubr |       |       |       |       |     1 |     2 ||     3
       Apportation       |       |       |       |       |     4 |       ||     4
       Repel Missiles    |       |       |       |       |     8 |    16 ||    24
       Lesser Beckoning  |       |       |       |       |     1 |       ||     1
Invok: Minor Destruction |       |       |       |    29 |    37 |       ||    66
       Lesser Servant of |       |       |       |     3 |     2 |     2 ||     7
       Greater Servant o |       |       |       |       |       |     2 ||     2
 Abil: Evoke Invisibilit |       |       |       |       |     4 |     1 ||     5
Evoke: Wand              |       |       |     2 |       |     2 |    13 ||    17
  Use: Scroll            |     3 |     3 |     6 |    13 |    21 |     4 ||    50
       Potion            |       |       |     3 |     2 |     7 |     5 ||    17
 Stab: Sleeping          |     1 |       |       |       |     6 |     1 ||     8
       Confused          |       |       |     4 |       |     1 |     5 ||    10
       Distracted        |       |       |       |       |     1 |     6 ||     7
       Invisible         |       |       |       |       |    18 |       ||    18
  Eat: Chunk             |     3 |    14 |    19 |    35 |    50 |     9 ||   130
       Fruit             |       |       |       |     5 |     8 |     6 ||    19
       Meat ration       |       |       |       |       |     1 |     1 ||     2
       Royal jelly       |       |       |       |       |     1 |       ||     1
       Pizza             |       |       |       |       |     1 |       ||     1
       Bread ration      |       |       |       |       |       |     2 ||     2
Armor: Leather armour    |    34 |       |       |       |       |       ||    34
       Ring mail         |       |   108 |   183 |    93 |       |       ||   384
       Skin              |       |       |    22 |       |       |       ||    22
       Scale mail        |       |       |       |   269 |   398 |   317 ||   984
       Chain mail        |       |       |       |       |   267 |       ||   267
Dodge: Dodged            |    51 |   141 |   268 |   509 |   824 |   490 ||  2283
       Deflected         |       |       |       |       |    12 |    35 ||    47
Block: Buckler           |       |       |       |       |   243 |   230 ||   473
